 Dungeon Crawl Stone Soup version 0.19-a0-1697-g0595f0e (webtiles) character file.

5192 dobroeutro the Basher (level 10, -2/64 HPs)
             Began as a Gargoyle Fighter on Sept 26, 2016.
             Was a High Priest of Okawaru.
             Slain by Psyche
             ... wielding a +2 dagger of distortion
              (16 damage)
             ... on level 8 of the Dungeon.
             The game lasted 00:15:53 (6673 turns).

dobroeutro the Basher (Gargoyle Fighter)            Turns: 6673, Time: 00:15:53

Health: -2/64      AC: 21    Str: 22    XL:     10   Next: 60%
Magic:  10/10      EV:  8    Int:  9    God:    Okawaru [*****.]
Gold:   454        SH: 11    Dex: 10    Spells: 0 memorised, 9 levels left

rFire  . . .     SeeInvis .     w - +2 flail (protect)
rCold  + . .     Gourm    .     b - +0 scale mail
rNeg   + + .     Faith    .     c - +0 shield
rPois  ∞         Spirit   .     H - +0 helmet
rElec  +         Dismiss  .     p - +1 cloak
rCorr  .         Reflect  .     (no gloves)
MR     .....     Harm     .     i - +0 pair of boots
Stlth  ..........               (no amulet)
                                D - ring of protection from cold
                                h - ring of positive energy

@: no status effects
A: negative energy resistance 1, electricity resistance, unbreathing,
petrification resistance, rot immunity, AC +7
a: Heroism, Finesse, Renounce Religion


You were on level 8 of the Dungeon.
You worshipped Okawaru.
Okawaru was extremely pleased with you.
You were hungry.

You visited 1 branch of the dungeon, and saw 8 of its levels.
You also visited: Ossuary.

You collected 454 gold pieces.

Inventory:

Hand Weapons
 w - a +2 flail of protection (weapon)
 y - a +0 morningstar
 G - a +1 flail of holy wrath
Armour
 b - a +0 scale mail (worn)
 c - a +0 shield (worn)
 i - a +0 pair of boots (worn)
 p - a +1 cloak (worn)
 H - a +0 helmet (worn)
Jewellery
 h - a ring of positive energy (left hand)
 D - a ring of protection from cold (right hand)
Wands
 J - a wand of confusion (44/48)
 M - a wand of digging (8/24)
Scrolls
 a - 2 scrolls of teleportation {unknown}
 g - 2 scrolls of enchant armour
 l - 3 scrolls of fear
 n - a scroll of amnesia {unknown}
 o - 8 scrolls of identify
 q - 2 scrolls of random uselessness
 s - 2 scrolls of fog {unknown}
 t - 2 scrolls of immolation
 C - 6 scrolls of remove curse
Potions
 d - 3 potions of might
 e - 2 potions of brilliance
 j - 3 potions of curing
 k - 3 potions of berserk rage
 u - 3 potions of heal wounds
 v - 4 potions of agility
 x - 2 potions of haste
 B - 2 potions of lignification
 E - a potion of cure mutation
 I - a potion of degeneration {unknown}
 K - a potion of mutation {unknown}
Books
 r - a book of Annihilations

   Spells                             Type                      Level
   a - Poison Arrow                   Conjuration/Poison           6
   b - Chain Lightning                Conjuration/Air              8
   c - Lehudib's Crystal Spear        Conjuration/Earth            8
   d - Glaciate                       Conjuration/Ice              9
   e - Fire Storm                     Conjuration/Fire             9
Comestibles
 f - 7 bread rations
 m - 7 beef jerkies
 z - 3 fruits
 A - 2 slices of pizza
 F - 2 meat rations
 L - 5 chunks of flesh


   Skills:
 + Level 8.3 Fighting
 * Level 9.8 Maces & Flails
 + Level 8.4 Armour
 + Level 8.3 Shields


You had 9 spell levels left.
You didn't know any spells.

Dungeon Overview and Level Annotations

Branches:
Dungeon (8/15)             Temple (0/1) D:6
   Lair: D:8-11

Altars:
Ashenzari
Dithmenos
Elyvilon
Fedhas
Hepliaklqana
Kikubaaqudgha
Makhleb
Nemelex Xobeh
Okawaru
Qazlal
Trog
Vehumet
Xom
Yredelemnul
The Shining One

Annotations:
D:8 Psyche


Innate Abilities, Weirdness & Mutations

You are resistant to torment.
Your stone body is resilient. (AC +7)
You are immune to poison.
You resist negative energy. (rN+)
You are resistant to electric shocks. (rElec)
You can survive without breathing.
You are immune to petrification.
You are immune to rotting.


Message History

Psyche gestures wildly while chanting.
Psyche seems to speed up.
Psyche zaps a wand.
The bolt of lightning hits you! You resist. Psyche stares at you for a moment.
Psyche looks encouraged for a moment.
The shadow imp hits you but does no damage.
Psyche begins to cast a cantrip, but forgets the words!
Psyche casts a spell.
Psyche zaps a wand.
The bolt of lightning hits you! You resist.
* * * LOW HITPOINT WARNING * * *
There is a stone staircase leading down here.
Psyche hits you with a dagger of distortion.
* * * LOW HITPOINT WARNING * * *
Space bends around you.
* * * LOW HITPOINT WARNING * * *
You block the shadow imp's attack.
Psyche hits you with a dagger of distortion.
* * * LOW HITPOINT WARNING * * *
Space warps horribly around you!
You die...

#..........#.###..#####
#.
#......)..............#
#.
#..........#..........#
#.
##........##..........#
##
#..........############
#..........#
#..$.......#
#........@.#
#.......5@.#
##........## ##......##
########


You could see Psyche and a shadow imp.

Vanquished Creatures
  4 centaur zombies (Ossuary)
  The ghost of Bronet the Magician, a novice DEFE (Ossuary)
  A hippogriff (D:7)
  Sigmund (D:3)
  A hungry ghost (D:7)
  Grum (D:8)
  2 water moccasins (D:5)
  An orc warrior (D:7)
  2 ice beasts
  A wasp (D:8)
  4 ogres
  3 wolves (D:8)
  2 centaurs
  3 bullfrogs (D:7)
  A big kobold (D:7)
  A water moccasin zombie (D:6)
  A scorpion (D:6)
  5 killer bees (D:8)
  A howler monkey (D:4)
  A crimson imp (D:5)
  2 bullfrog zombies (Ossuary)
  2 jellies
  Crazy Yiuf (D:2)
  2 bullfrog skeletons
  5 hounds
  An orc wizard (D:7)
  A centaur skeleton (D:5)
  3 orc priests (D:6)
  Natasha (D:1)
  Terence (D:1)
  7 worker ants
  5 hound zombies
  8 mummies (Ossuary)
  3 howler monkey zombies
  4 worker ant zombies
  2 howler monkey skeletons
  8 adders
  An ooze (D:6)
  3 adder zombies (Ossuary)
  An adder skeleton (D:4)
  4 dart slugs
  A worm (D:2)
  4 leopard geckos
  14 orcs
  4 giant cockroaches
  4 goblins
  7 hobgoblins
  7 jackals
  10 kobolds
  4 quokkas
  2 ball pythons
  4 bats
  6 frilled lizards
  3 jackal zombies (Ossuary)
  A leopard gecko zombie (Ossuary)
  A quokka skeleton (D:4)
  A quokka zombie (Ossuary)
  9 rats
184 creatures vanquished.

Vanquished Creatures (others)
  The ghost of Television the Magician, a novice DEWz of Cheibriados (D:5)
  3 withered plants (Ossuary)
4 creatures vanquished.

Grand Total: 188 creatures vanquished

Notes
Turn   | Place    | Note
-------+----------+-------------------------------------------
     0 | D:1      | dobroeutro the Gargoyle Fighter began the quest for the Orb.
     0 | D:1      | Reached XP level 1. HP: 14/14 MP: 1/1
   449 | D:1      | Reached XP level 2. HP: 19/19 MP: 2/2
   722 | D:2      | Reached XP level 3. HP: 20/23 MP: 3/3
   823 | D:2      | Noticed Terence
   825 | D:2      | Noticed Natasha
   940 | D:1      | Killed Natasha
   940 | D:1      | Reached skill level 3 in Maces & Flails
   940 | D:1      | Reached XP level 4. HP: 20/29 MP: 4/4
   950 | D:1      | Killed Terence
  1181 | D:2      | Found a runed door.
  1403 | D:2      | Noticed Crazy Yiuf
  1414 | D:2      | Killed Crazy Yiuf
  1414 | D:2      | Reached XP level 5. HP: 32/33 MP: 5/5
  1614 | D:3      | Found an iron altar of Okawaru.
  1635 | D:3      | Became a worshipper of Warmaster Okawaru
  1770 | D:3      | Noticed Sigmund
  1791 | D:3      | Killed Sigmund
  1791 | D:3      | Reached skill level 4 in Maces & Flails
  1791 | D:3      | Reached XP level 6. HP: 29/39 MP: 6/6
  1967 | D:3      | Found a blossoming altar of Fedhas.
  2272 | D:4      | Found an iron altar of Okawaru.
  2273 | D:4      | Found a bloodstained altar of Trog.
  2540 | D:4      | Reached skill level 5 in Maces & Flails
  2540 | D:4      | Reached XP level 7. HP: 13/44 MP: 7/7
  3000 | D:5      | Entered Level 5 of the Dungeon
  3052 | D:5      | Found a sand-covered staircase.
  3065 | Ossuary  | Entered an ossuary
  3090 | Ossuary  | Reached * piety under Okawaru
  3090 | Ossuary  | Reached skill level 5 in Fighting
  3090 | Ossuary  | Reached skill level 5 in Armour
  3090 | Ossuary  | Reached skill level 5 in Shields
  3090 | Ossuary  | Reached XP level 8. HP: 46/50 MP: 8/8
  3106 | Ossuary  | Noticed Bronet's ghost (novice DEFE)
  3145 | Ossuary  | Killed Bronet's ghost
  3145 | Ossuary  | Reached ** piety under Okawaru
  3145 | Ossuary  | Reached skill level 6 in Maces & Flails
  3417 | Ossuary  | Reached skill level 7 in Maces & Flails
  3494 | Ossuary  | Reached XP level 9. HP: 38/55 MP: 9/9
  3747 | D:5      | Noticed Television's ghost (novice DEWz)
  3811 | D:5      | Killed Television's ghost
  3977 | D:5      | Reached skill level 8 in Maces & Flails
  4001 | D:5      | Found a glowing golden altar of the Shining One.
  4010 | D:5      | Found a basalt altar of Yredelemnul.
  4082 | D:5      | Reached *** piety under Okawaru
  4111 | D:5      | Found a burning altar of Makhleb.
  4113 | D:5      | Found a stormy altar of Qazlal.
  4116 | D:5      | Found a shadowy altar of Dithmenos.
  4117 | D:5      | Found an ancient bone altar of Kikubaaqudgha.
  4117 | D:5      | Found a sparkling altar of Nemelex Xobeh.
  4117 | D:5      | Found a shimmering altar of Xom.
  4117 | D:5      | Found a white marble altar of Elyvilon.
  4120 | D:5      | Found a hazy altar of Hepliaklqana.
  4121 | D:5      | Found a radiant altar of Vehumet.
  4138 | D:5      | Found a white marble altar of Elyvilon.
  4654 | D:5      | Noticed an angel
  4812 | D:6      | Found a shattered altar of Ashenzari.
  5148 | D:6      | Found a staircase to the Ecumenical Temple.
  5298 | D:6      | Reached XP level 10. HP: 63/63 MP: 10/10
  5788 | D:7      | Reached skill level 9 in Maces & Flails
  5947 | D:7      | Reached **** piety under Okawaru
  6600 | D:8      | Noticed Grum
  6623 | D:8      | Killed Grum
  6632 | D:8      | Reached ***** piety under Okawaru
  6657 | D:8      | Noticed Psyche
  6673 | D:8      | Slain by Psyche

Vault maps used:
D:1:      matt_arrival_spirals
D:2:      first_bread, uniq_terence, uniq_crazy_yiuf_cottage, uniq_natasha
D:3:      fedhas_altar_fruit_tree, kennysheep_okawaru_gauntlet, uniq_sigmund
D:4:      grunt_temple_overflow_bloody_war, grunt_ministairs_7,
          minmay_surrounded
D:5:      minmay_opposing_rooms, grunt_temple_overflow_holy_war, minitemple,
          chequers_ossuary_entry_cave, elyvilon_altar_4
D:6:      ashenzari_altar_1
D:7:      grunt_ogre_cave
D:8:      lair_0_dummy, serial_shops, kennysheep_little_box,
          nicolae_benzene_ring, uniq_grum, uniq_joseph, uniq_psyche
Ossuary:  ossuary_zaba_flooded

Skill      XL: |  1  2  3  4  5  6  7  8  9 10 |
---------------+-------------------------------+-----
Maces & Flails | 3 4 5 7 8 9 |  9.8
Armour         | 4 5 6 7 8 |  8.4
Shields        | 4 5 6 7 8 |  8.3
Fighting       | 4 5 6 7 8 |  8.3

Action                   |  1- 3 |  4- 6 |  7- 9 | 10-12 || total
-------------------------+-------+-------+-------+-------++-------
Melee: Flail             |   132 |   167 |   476 |   237 ||  1012
  Use: Potion            |       |     1 |     1 |       ||     2
       Scroll            |       |       |    15 |     1 ||    16
  Eat: Chunk             |       |     6 |     5 |     5 ||    16
       Meat ration       |       |       |     1 |       ||     1
       Fruit             |       |       |       |     2 ||     2
       Beef jerky        |       |       |       |     1 ||     1
Armor: Scale mail        |   143 |    71 |   255 |   104 ||   573
Dodge: Dodged            |    80 |    38 |   146 |    76 ||   340
Block: Shield            |   111 |    76 |   269 |   133 ||   589
